 Dungeon Crawl Stone Soup version 0.23.2-1-ga50397a (webtiles) character file.

Game seed: 11788875715899001452

187 goulibeur the Skirmisher (level 5, -3/47 HPs)
             Began as a Draconian Berserker on May 20, 2019.
             Was a Priest of Trog.
             Slain by a scorpion (8 damage)
             ... on level 4 of the Dungeon.
             The game lasted 00:11:58 (2724 turns).

goulibeur the Skirmisher (Draconian Berserker)      Turns: 2724, Time: 00:11:58

Health: -3/47      AC:  5    Str: 20    XL:     5   Next: 39%
Magic:  5/5        EV: 13    Int:  8    God:    Trog [***...]
Gold:   150        SH:  0    Dex: 10    Spells: 4/4 levels left

rFire    . . .     SeeInvis +   a - +0 mace
rCold    . . .     Gourm    .   (no shield)
rNeg     . . .     Faith    .   (armour unavailable)
rPois    .         Spirit   .   (helmet restricted)
rElec    .         Reflect  .   (no cloak)
rCorr    .         Harm     .   (no gloves)
MR       .....                  (no boots)
Stlth    +.........             n - amulet of the acrobat
HPRegen  0.15/turn              q - ring of see invisible
MPRegen  0.09/turn              (no ring)

@: lethally poisoned (-3 -> -6), berserk cooldown, slowed, very slow
A: unfitting armour, cold-blooded, AC +5
a: Berserk, Trog's Hand, Renounce Religion


You were on level 4 of the Dungeon.
You worshipped Trog.
Trog was most pleased with you.
You were near starving.

You visited 1 branch of the dungeon, and saw 4 of its levels.

You collected 150 gold pieces.

Inventory:

Hand Weapons
 a - a +0 mace (weapon)
Jewellery
 f - an uncursed amulet of harm
 n - an amulet of the acrobat (around neck)
 q - a ring of see invisible (left hand)
Scrolls
 m - a scroll of fog {unknown}
 o - a scroll of remove curse
 p - a scroll of amnesia {unknown}
 r - a scroll of blinking {unknown}
 s - a scroll of fear {unknown}
 t - a scroll of random uselessness {unknown}
 u - a scroll of identify
 v - a scroll of teleportation {unknown}
Potions
 c - a potion of invisibility {unknown}
 d - a potion of flight {unknown}
 e - 2 potions of curing {unknown}
 g - a potion of magic {unknown}
 h - a potion of lignification {unknown}
 i - a potion of degeneration {unknown}
 j - a potion of cancellation {unknown}
 l - 2 potions of mutation {unknown}
Comestibles
 b - 8 rations
 k - 3 chunks of flesh


   Skills:
 + Level 4.7 Fighting
 + Level 4.2 Maces & Flails
 + Level 3.9 Dodging


You had 4 spell levels left.
You didn't know any spells.
Your spell library was empty.

Dungeon Overview and Level Annotations

Branches:
Dungeon (4/15)
 Temple: D:4-7

Altars:
Elyvilon
Nemelex Xobeh
Okawaru
Trog
Zin


Innate Abilities, Weirdness & Mutations

Your plain brown scales are hard. (AC +5)
You cannot fit into any form of body armour.
You are cold-blooded and may be slowed by cold attacks.


Message History

Some of the chunks of flesh in your inventory have rotted away.
You feel sick. The scorpion misses you.
You closely miss the orc priest.
You feel sick.
An orc comes into view. It is wielding a +0 flail.
The orc priest hits you with a +0 hand axe.
* * * LOW HITPOINT WARNING * * *
The scorpion closely misses you. The orc priest barely misses you.
You hit the orc priest.
The orc priest is lightly wounded.
Your skin stops crawling.
You feel less resistant to hostile enchantments.
You feel sick.
The scorpion stings you but does no damage.
The orc priest hits you but does no damage.
The scorpion stings you.
* * * LOW HITPOINT WARNING * * *
As you read the scroll labeled SEUMUWN ISTRYOZ, it crumbles to dust.
You feel blessed for a moment.
It was a scroll of remove curse.
You feel sick. The orc priest misses you. The scorpion stings you!
You die...

.#######.#
.........#
########.#######
#..÷oo...#
#..#####.#
#..#####.#######
#..##..ooo.....#
#...#.##s#####.#
.....oo@.#
##...#.####
......# #..## #
#.># .


You could see a scorpion, an orc priest and 3 orcs.

Vanquished Creatures
  5 gnolls
  4 adders
  2 oozes
  A worm (D:3)
  2 dart slugs (D:1)
  4 leopard geckos
  An orc (D:2)
  8 bats
  2 giant cockroaches
  9 hobgoblins
  10 jackals
  7 frilled lizards
  13 goblins
  3 kobolds
  9 rats
80 creatures vanquished.

Notes
Turn   | Place    | Note
-------+----------+-------------------------------------------
     0 | D:1      | goulibeur the Draconian Berserker began the quest for the
                  | Orb.
     0 | D:1      | Reached XP level 1. HP: 19/19 MP: 1/1
     5 | D:1      | Noticed a merfolk zombie
    14 | D:1      | Noticed a merfolk zombie
    67 | D:1      | Reached XP level 2. HP: 2/26 MP: 2/2
   518 | D:1      | Reached XP level 3. HP: 33/33 MP: 3/3
   804 | D:1      | Reached ** piety under Trog
  1070 | D:2      | Found an iron altar of Okawaru.
  1268 | D:2      | Found a bloodstained altar of Trog.
  1336 | D:2      | Found a white marble altar of Elyvilon.
  1337 | D:2      | Found a glowing silver altar of Zin.
  1343 | D:2      | Reached XP level 4. HP: 40/40 MP: 4/4
  1973 | D:3      | Reached *** piety under Trog
  2002 | D:3      | Found a sparkling altar of Nemelex Xobeh.
  2491 | D:3      | Reached XP level 5. HP: 46/47 MP: 5/5
  2724 | D:4      | Slain by a scorpion

Skill      XL: |  1  2  3  4 |
---------------+-------------+-----
Dodging        | 3 |  3.9
Fighting       | 4 |  4.7
Maces & Flails | 4 |  4.2

Action                   |  1- 3 |  4- 6 || total
-------------------------+-------+-------++-------
Melee: Mace              |   100 |   112 ||   212
       Tailslap          |    10 |     7 ||    17
Invok: Berserk           |     1 |     1 ||     2
       Trog's Hand       |       |     1 ||     1
  Use: Scroll            |     1 |     3 ||     4
 Stab: Distracted        |     1 |       ||     1
       Sleeping          |     1 |       ||     1
  Eat: Chunk             |     2 |     4 ||     6
Armor: Skin              |    27 |    27 ||    54
Dodge: Dodged            |    71 |   105 ||   176
